[Event "*** Titled Tuesday 3|2 Blitz"]
[Site "Chess.com"]
[Date "2015.09.01"]
[Round "2"]
[White "MITerryble"]
[Black "Iball95"]
[Result "0-1"]
[WhiteElo "2566"]
[BlackElo "2343"]
[TimeControl "180+2"]
[EndTime "11:22:16 PDT"]
[Termination "Iball95 won by resignation"]

1. d4 d5 2. Nf3 Nf6 3. c4 c6 4. Nc3 a6 5. c5 Nbd7 6. Bf4 Nh5 7. Bd2 Nhf6 8. Bf4 Nh5 9. e3 g6 10. Bd3 Bg7 11. O-O O-O 12. Qd2 f6 13. b4 Nxf4 14.
exf4 e5 15. Be2 e4 16. Nh4 f5 17. g3 Re8 18. Ng2 Nf8 19. Ne3 Ne6 20. Nc2 Bd7 21.
Na4 Qf6 22. Rad1 Rf8 23. Nb6 Rad8 24. a4 g5 25. fxg5 Nxg5 26. h4 Ne6 27. f4 Kh8 28. Nxd7 Rxd7 29. b5 axb5 30. axb5 Rg8 31. Kh2 Bh6 32. Rb1 Rdg7 33. Rb3 Rxg3 34. Rxg3 Qxh4+ 35. Rh3 Bxf4+ 36. Rxf4 Qxf4+ 37. Qxf4 Nxf4 38. Bf1 Nxh3 39. Bxh3 f4 40. bxc6 bxc6 41. Bf1 Rg3 42. Ne1 Rg6 43. Ng2 Rf6 44. Kg1 e3 45. Bd3 Kg7 46. Kf1 h5 47.
Kg1 Kh6 48. Kf1 Kg5 49. Ne1 f3 50. Nc2 Kf4 51. Kg1 h4 52. Kh2 e2 53. Kh3 Re6 54.
Ne1 f2 55. Ng2+ Kg5 0-1

[Event "*** Titled Tuesday 3|2 Blitz"]
[Site "Chess.com"]
[Date "2015.09.01"]
[Round "2"]
[White "Imre91"]
[Black "manubibi"]
[Result "1/2-1/2"]
[WhiteElo "2602"]
[BlackElo "2418"]
[TimeControl "180+2"]
[EndTime "11:22:23 PDT"]
[Termination "Game drawn by agreement"]

1. c4 Nf6 2. g3 g6 3. Bg2 Bg7 4. Nc3 O-O 5. e4 d6 6. Nge2 e5 7. O-O Nc6 8. d3 Bg4 9. h3 Be6 10. Be3 Qd7 11. Kh2 Ne8 12. Qd2 f5 13. exf5 gxf5 14.
f4 Rd8 15. b3 Kh8 16. d4 exd4 17. Nxd4 Nxd4 18. Bxd4 b6 19. Rae1 Bg8 20. Nb5 a6 21. Na7 Bxd4 22. Qxd4+ Ng7 23. Nc6 Rde8 24. Qc3 Rxe1 25.
Rxe1 Re8 26. Rxe8 Qxe8 27. Qf6 Qg6 28. Qc3 Qe6 29. Nd4 Qf6 30. Qe3 h6 31. Bb7 a5 32.
Bg2 Kh7 33. Nb5 Qd8 34. Qd3 Bf7 35. Nd4 Bg6 36. Qe3 Qf6 37. h4 Qf8 38. a3 Qf6 39. Nb5 Qd8 40. Nc3 Nh5 41. Nd5 Nf6 42. Bf3 Nxd5 43.
cxd5 Bf7 44. Qc3 Qe7 45. Qc2 Qe3 46. Qxf5+ Kg7 47. Qg4+ Kf6 48. Bg2 Qxb3 49. Qc8 Qc2 50. Qd8+ Kg7 51. Qe7 b5 52. g4 b4 53. axb4 axb4 54.
g5 hxg5 55. hxg5 b3 56. Qf6+ Kf8 57. f5 Qe2 58. Qh8+ Bg8 59. f6 Qe5+ 60. Kh1 Qe1+ 61. Kh2 Qe5+ 62. Kh1 Qe1+ 63. Kh2 Qe5+ 64. Kh3 Qxg5 65.
Bf3 Qf4 66. Bg4 Qe3+ 67. Kh4 Qf2+ 68. Kg5 Qe3+ 69. Kh4 Qf2+ 70. Kg5 Qd2+ 71. Kg6 Qd3+ 72. Kg5 Qe3+ 73. Kh4 Qe1+ 74. Kg5 Qe5+ 75. Bf5 Qg3+ 76. Bg4 Qe5+ 77. Bf5 Qg3+ 78. Bg4 1/2-1/2

[Event "*** Titled Tuesday 3|2 Blitz"]
[Site "Chess.com"]
[Date "2015.09.01"]
[Round "2"]
[White "Yaacovn"]
[Black "Ar4uha"]
[Result "0-1"]
[WhiteElo "2603"]
[BlackElo "2398"]
[TimeControl "180+2"]
[EndTime "11:22:27 PDT"]
[Termination "Ar4uha won by resignation"]

1. d4 Nf6 2. Nf3 e6 3. c4 c5 4.
g3 cxd4 5. Nxd4 Nc6 6. Bg2 Qb6 7.
Nb3 Bb4+ 8. Bd2 Ne5 9. Qc2 O-O 10. O-O Bxd2 11. N1xd2 d6 12. c5 Qc7 13. Nc4 Nxc4 14. cxd6 Qxd6 15. Qxc4 Qb6 16. Qc5 Qxc5 17. Nxc5 Rb8 18. Rac1 b6 19. Nd3 Ba6 20. Ne5 Bxe2 21. Rfe1 Bb5 22. Rc7 a5 23. Rec1 Nd5 24. Bxd5 exd5 25.
Nf3 Rfd8 26. Nd4 Be8 27. h4 g6 28. f3 Kf8 29. Kf2 Bd7 30. g4 Ke8 31. Kg3 Rdc8 32. Re1+ Kd8 33. Ra7 Rc7 34. Rxc7 Kxc7 35. Re7 Rf8 36.
Kf4 Kd6 37. Re2 h6 38. h5 g5+ 39. Kg3 Rc8 40. b3 Be6 41. Re3 Rc1 42. Re2 Rd1 43.
Nb5+ Kc5 44. Nc3 Rc1 45. Na4+ Kb5 46. Rd2 Kc6 47. Nb2 f5 48. Nd3 Rc3 49. gxf5 Bxf5 50.
Ne5+ Kc5 51. Nf7 g4 52. Nxh6 Rxf3+ 53. Kh4 Be6 54. Re2 Kd6 55. Kg5 d4 56. Rg2 g3 57.
Ng4 d3 58. h6 Rf5+ 59. Kg6 Rf8 60. Nf6 Ke5 61. h7 Rxf6+ 62. Kg7 Rf7+ 63. Kg6 Rxh7 64. Kxh7 Kf4 65. Kg6 Bf5+ 66. Kf6 Be4 67. Rg1 g2 68. Ke6 d2 69. Rd1 Ke3 70. Ke5 Bf3 71. Rg1 d1=Q 0-1

[Event "*** Titled Tuesday 3|2 Blitz"]
[Site "Chess.com"]
[Date "2015.09.01"]
[Round "2"]
[White "Tomsel"]
[Black "Schemato"]
[Result "1-0"]
[WhiteElo "2295"]
[BlackElo "2157"]
[TimeControl "180+2"]
[EndTime "11:22:27 PDT"]
[Termination "Tomsel won by resignation"]

1. d4 e6 2. Bf4 d6 3. Nf3 f5 4. Nc3 Nf6 5. Qd3 d5 6. Ne5 Be7 7. h3 O-O 8. g4 Ne4 9. Bg2 Bh4 10.
Nxe4 fxe4 11. Qe3 Nd7 12. Nxd7 Bxd7 13. O-O Rc8 14. f3 exf3 15. Rxf3 Qe7 16. c3 c6 17. Raf1 h6 18. b4 a6 19. a4 Rce8 20. a5 Bf6 21. Be5 Bxe5 22. Qxe5 Rxf3 23. Rxf3 Rf8 24. Re3 Qf6 25.
Bf3 Qxe5 26. Rxe5 Rf6 27. h4 Kf8 28. Kg2 Ke7 29. Kg3 Kd6 30. g5 hxg5 31. hxg5 Rf8 32. Kg4 Rh8 33. Kg3 Be8 34. Bg4 Bf7 35. g6 Bg8 36. Bh5 Ke7 37. Kg4 Kf6 38. Re3 Rh6 39.
Rf3+ Ke7 40. Kg5 Rh8 41. Re3 Rh6 42. Rf3 Rh8 43. Rf1 Rh6 44. Re1 Kd6 45. e4 e5 46.
dxe5+ Kxe5 47. exd5+ Kxd5 48. Re7 Kc4 49. Rxg7 Rh8 50.
Rxb7 Bd5 51. g7 Ra8 52. Bf7 Bxf7 53. Rxf7 Rg8 54. Kg6 Kxc3 55. Rb7 Kc4 56. Kf7 Rc8 57. g8=Q Rxg8 58. Kxg8 1-0

[Event "*** Titled Tuesday 3|2 Blitz"]
[Site "Chess.com"]
[Date "2015.09.01"]
[Round "2"]
[White "penguingm1"]
[Black "facu57"]
[Result "1/2-1/2"]
[WhiteElo "2519"]
[BlackElo "2437"]
[TimeControl "180+2"]
[EndTime "11:22:42 PDT"]
[Termination "Game drawn by repetition"]

1. d4 Nf6 2. c4 e6 3. Nc3 Bb4 4. Qc2 Nc6 5. Nf3 d6 6. Bd2 O-O 7. a3 Bxc3 8. Bxc3 Qe7 9. e4 e5 10. d5 Nd4 11. Nxd4 exd4 12. Bxd4 Nxe4 13. O-O-O f5 14. f3 Nc5 15. Bd3 a5 16. Rhe1 Qg5+ 17. Be3 Qh5 18. h3 Nxd3+ 19. Qxd3 f4 20. Bd4 Bf5 21.
Qd2 Rf7 22. Re2 h6 23. Rde1 a4 24. Re7 Qg5 25. Rxf7 Kxf7 26. Qe2 Kg8 27. Qd2 Kh7 28. Re2 Rf8 29. Bc3 Bg6 30. Qd4 Rf7 31. Kd2 Qf5 32.
Ke1 Qb1+ 33. Kf2 Qd3 34. Rd2 Qf5 35. c5 dxc5 36. Qxc5 Qg5 37. Re2 Bd3 38. Re5 Qg6 39.
Qd4 Bc2 40. Bd2 Qf6 41. Bc3 Bg6 42. Re6 Qf5 43. Qe5 Qb1 44. Qe1 Qd3 45. Qd2 Qb5 46.
Qd4 Qd3 47. Qxd3 Bxd3 48. Be5 Bc4 49. Re8 Bxd5 50. Rd8 c6 51. Ra8 b5 52. Re8 g5 53.
Bd4 Rd7 54. Rh8+ Kg6 55. Bc3 Bc4 56. Rc8 Rd6 57. Kg1 Re6 58. Rd8 h5 59. Rg8+ Kh6 60.
Rh8+ Kg6 61. Rg8+ Kf5 62. Rf8+ Kg6 63. Rg8+ 1/2-1/2

[Event "*** Titled Tuesday 3|2 Blitz"]
[Site "Chess.com"]
[Date "2015.09.01"]
[Round "2"]
[White "Janosik"]
[Black "pKiLz5Rn9b"]
[Result "0-1"]
[WhiteElo "2503"]
[BlackElo "2432"]
[TimeControl "180+2"]
[EndTime "11:22:52 PDT"]
[Termination "pKiLz5Rn9b won by resignation"]

1. d4 e6 2. c4 Nf6 3. g3 d5 4. Bg2 Be7 5. Nf3 O-O 6. O-O b6 7. cxd5 exd5 8. Ne5 Bb7 9. Nc3 Na6 10. Qa4 c5 11. Nc6 Bxc6 12. Qxc6 Nb4 13. Qa4 cxd4 14. Nb5 d3 15. exd3 Nxd3 16. Rd1 Nc5 17. Qc2 a6 18.
Nc3 Rc8 19. Nxd5 Nxd5 20. Rxd5 Qc7 21. Bf4 Qa7 22. Qf5 g6 23. Qe5 Rfe8 24. Re1 Ne6 25.
Bd2 Bf8 26. Bc3 Bg7 27. Qe3 Bxc3 28. bxc3 Qc7 29. Re5 b5 30. Bd5 Qxc3 31. Qh6 Rc5 32. Rxe6 Qxe1+ 33. Rxe1 Rxe1+ 34. Kg2 Rxd5 35. Qf4 Re6 36.
h4 h5 37. a3 Rf5 38. Qd2 Re4 39. Qd8+ Kh7 40. Qd2 a5 41. Qd3 Re6 42. Qd2 Re4 43. Qd3 Ra4 44. Qb3 Rc4 45. Qd3 Rc6 46. Qd2 b4 47.
axb4 axb4 48. Qxb4 Rc2 49. Qd4 Rfxf2+ 50. Qxf2 Rxf2+ 51. Kxf2 Kg7 52. Ke3 Kf6 53. Kf4 Ke6 54. Ke4 f6 55. Kf4 Kd5 56. Kf3 Ke5 57. Ke3 Kd5 58.
Kf3 Kd4 59. Kf4 Kd3 60. Kf3 g5 61. hxg5 fxg5 62. Kf2 g4 63. Kf1 Ke3 64. Kg1 Ke2 65.
Kg2 Ke3 66. Kg1 Kf3 67. Kh2 0-1

[Event "*** Titled Tuesday 3|2 Blitz"]
[Site "Chess.com"]
[Date "2015.09.01"]
[Round "2"]
[White "AnthonyWirig"]
[Black "rhungaski"]
[Result "1/2-1/2"]
[WhiteElo "2505"]
[BlackElo "2463"]
[TimeControl "180+2"]
[EndTime "11:23:04 PDT"]
[Termination "Game drawn by repetition"]

1. d4 d5 2. Nf3 Nf6 3. c4 dxc4 4.
e3 a6 5. Bxc4 e6 6. O-O c5 7. dxc5 Bxc5 8. Qxd8+ Kxd8 9. Nbd2 Ke7 10.
Nb3 Bd6 11. Be2 Bd7 12. Na5 b6 13. Nc4 Bb5 14. Nd4 Bxc4 15. Bxc4 Rc8 16. Be2 Ra7 17. Bd2 g6 18. Rfc1 Rac7 19. Rxc7+ Rxc7 20. Rc1 Rxc1+ 21. Bxc1 e5 22. Nc2 b5 23. Kf1 Nc6 24. h3 e4 25. a4 bxa4 26. Bxa6 Nd5 27. Bb5 Ncb4 28. Nxb4 Nxb4 29. Ke2 Be5 30. f3 exf3+ 31. gxf3 Na2 32. Kd2 f5 33. Bxa4 g5 34. b3 Nxc1 35. Kxc1 Bd6 36. Kc2 Bc5 37. Kd3 h5 38. Bc6 g4 39. fxg4 fxg4 40.
hxg4 hxg4 41. Bg2 g3 42. e4 Kd6 43. Kc4 Bf2 44. Kb5 Bd4 45. b4 Be3 46. Bf3 Bd4 47.
Bh1 Be5 48. Bg2 Bd4 49. Kc4 Be3 50. Kd3 Bf2 51. Ke2 Bd4 52. Kd3 Bf2 53. Kc3 Be1+ 54.
Kc4 Bf2 55. Kb5 Bd4 56. Ka6 Be3 57. b5 Kc7 58. Ka5 Bd2+ 59. Ka6 Be3 60. Bf3 Bd4 61. Ka5 Bb6+ 62. Kb4 Kd6 63. Kc4 Ke5 64. Bg2 Kd6 65. Kd3 Ke5 66. Ke2 Kf4 67. Kd3 Ke5 68.
Kc4 Kd6 69. Bf1 Ke5 70. Bg2 Kd6 71. Kd3 Ke5 72. Kd2 Kf4 73. Ke2 Bc5 74. Bh1 Bb6 75. Bg2 Bc5 76. Kd3 Bb6 77. Ke2 1/2-1/2

[Event "*** Titled Tuesday 3|2 Blitz"]
[Site "Chess.com"]
[Date "2015.09.01"]
[Round "2"]
[White "Kempsy"]
[Black "tac49"]
[Result "1/2-1/2"]
[WhiteElo "2524"]
[BlackElo "2429"]
[TimeControl "180+2"]
[EndTime "11:23:57 PDT"]
[Termination "Game drawn - insufficient material"]

1. e4 e5 2. Nf3 Nc6 3. Bb5 a6 4. Ba4 Nf6 5. O-O Be7 6. Re1 b5 7. Bb3 O-O 8. a4 b4 9. d4 d6 10.
dxe5 Nxe5 11. Nxe5 dxe5 12. Qe2 Bc5 13. Be3 Qe7 14.
Nd2 Bb7 15. f3 a5 16. Nc4 Ba6 17. Qf2 Bxe3 18. Nxe3 Qc5 19. Rad1 Rfd8 20. Nc4 Qxf2+ 21. Kxf2 Bxc4 22. Bxc4 Kf8 23. Ke3 Ke7 24. c3 bxc3 25.
bxc3 Nd7 26. Rd5 c6 27. Rd2 Nc5 28. Rb2 Nxa4 29. Rb7+ Rd7 30. Rxd7+ Kxd7 31. Rd1+ Ke7 32. Rb1 Ra7 33. Kd2 Nc5 34. Rb8 Rb7 35. Ra8 a4 36. Kc2 f6 37. h4 h6 38. g4 Kd6 39. Rd8+ Kc7 40. Re8 a3 41. Ra8 Rb2+ 42. Kd1 Rf2 43.
Be2 Ne6 44. Rxa3 Nf4 45. Bc4 Rxf3 46. Kd2 g5 47. hxg5 hxg5 48. Ra7+ Kd6 49. Rf7 Nh3 50.
Be2 Rf4 51. Ke3 Nf2 52. Bf3 Nxg4+ 53. Bxg4 Rxg4 54. Rxf6+ Kd7 55. Rg6 Rg3+ 56. Kd2 g4 57. c4 Rg1 58. c5 g3 59. Ke2 Rc1 60. Rxg3 Rxc5 61. Rg6 Rc3 62. Kd2 Rh3 63. Rf6 Rh7 64. Kd3 Re7 65. Kc4 Re6 66. Rf7+ Kd6 67. Rf8 Rh6 68.
Rd8+ Ke7 69. Rg8 Rh4 70. Rg7+ Kd6 71. Rg6+ Kc7 72. Kc5 Rxe4 73. Rg7+ Kd8 74. Kxc6 Rd4 75. Kc5 Rd7 76. Rg5 e4 77. Re5 Re7 78. Rxe7 Kxe7 79.
Kd4 e3 80. Kxe3 1/2-1/2

[Event "*** Titled Tuesday 3|2 Blitz"]
[Site "Chess.com"]
[Date "2015.09.01"]
[Round "2"]
[White "FairChess_on_YouTube"]
[Black "zmaj23"]
[Result "1/2-1/2"]
[WhiteElo "2730"]
[BlackElo "2394"]
[TimeControl "180+2"]
[EndTime "11:24:09 PDT"]
[Termination "Game drawn - insufficient material"]

1. d4 Nf6 2. Nf3 e6 3. Bg5 h6 4. Bh4 g5 5. Bg3 Ne4 6. Nbd2 Nxg3 7. hxg3 Bg7 8. c3 d6 9. e4 Bd7 10. Nc4 Nc6 11. Bd3 Qe7 12. Qe2 O-O-O 13. b4 f5 14. b5 fxe4 15. bxc6 Bxc6 16. Na5 exd3 17. Nxc6 bxc6 18.
Qxd3 e5 19. dxe5 dxe5 20. Qa6+ Kd7 21. Rd1+ Ke6 22. Qxc6+ Kf7 23. O-O h5 24. Qe4 Bf6 25. Nd2 h4 26. g4 h3 27. g3 h2+ 28. Kh1 Qe6 29. Qf3 Kg7 30. Ne4 Be7 31. Qf5 Qxf5 32.
gxf5 g4 33. Rxd8 Bxd8 34. Rd1 Kf7 35. Rd7+ Ke8 36. Rg7 Rf8 37. f6 Bxf6 38. Rxc7 Be7 39. Kxh2 Kf7 40. Ng5+ Ke8 41. Ne4 Kf7 42. Rxa7 Ke6 43.
Kg2 Rb8 44. Ra4 Rb2 45. c4 Rc2 46. c5 Kf5 47. Nd6+ Bxd6 48. cxd6 Rd2 49. Ra6 Ke6 50. a4 Kd7 51. Rb6 Ra2 52. Rb4 Kxd6 53. Rxg4 Kd5 54. Rb4 e4 55. Kf1 Ra1+ 56. Kg2 Ra2 57.
Rb3 Rxa4 58. g4 Ke5 59. Kg3 Kf6 60. Rb6+ Kg7 61. Re6 Ra3+ 62. Kh4 Rf3 63. Kg5 Rxf2 64.
Rxe4 Rf7 65. Re6 Ra7 66. Rg6+ Kh7 67. Rb6 Kg7 68. Kh5 Ra1 69. Rb7+ Kg8 70. Rc7 Ra5+ 71. g5 Ra6 72. Kg4 Ra5 73. Re7 Rb5 74. Kh5 Rb6 75. Rd7 Ra6 76. Rd5 Rb6 77. Rf5 Ra6 78.
g6 Ra1 79. Kg5 Rg1+ 80. Kf6 Ra1 81. Re5 Ra6+ 82. Kg5 Ra1 83. Re8+ Kg7 84. Re7+ Kg8 85. Re5 Rg1+ 86. Kf6 Rf1+ 87. Rf5 Rxf5+ 88. Kxf5 Kg7 89. Kg5 Kg8 90. Kf6 Kf8 91. g7+ Kg8 92. Ke6 Kxg7 1/2-1/2

[Event "*** Titled Tuesday 3|2 Blitz"]
[Site "Chess.com"]
[Date "2015.09.01"]
[Round "2"]
[White "Tobi-Wan-Kenobi"]
[Black "MFBerna"]
[Result "1-0"]
[WhiteElo "2399"]
[BlackElo "2117"]
[TimeControl "180+2"]
[EndTime "11:24:29 PDT"]
[Termination "Tobi-Wan-Kenobi won on time"]

1. e4 e5 2. Nf3 Nc6 3. Bb5 Nf6 4. d3 d6 5. O-O Be7 6. Re1 O-O 7. c3 Bd7 8. Ba4 Re8 9. Nbd2 Bf8 10. Nf1 h6 11.
Ng3 g6 12. h3 Bg7 13. d4 Qe7 14. Bb3 Na5 15. Bc2 c5 16. d5 b5 17. b3 Nb7 18. Bd2 a5 19. c4 bxc4 20. bxc4 Reb8 21. Ba4 Qe8 22. Bxd7 Qxd7 23. Rb1 Ne8 24. Qc2 a4 25. Ne2 Nc7 26. Rb6 Nd8 27. Reb1 Rxb6 28. Rxb6 Na6 29.
a3 Qc7 30. Ba5 Qd7 31. Be1 Bf8 32. Nc3 Nc7 33. Nb5 Nxb5 34. Rxb5 Nb7 35. Nd2 Ra5 36. Rb1 Be7 37. Rb2 Ra7 38. Nb1 Bd8 39. Nc3 Na5 40. Nb5 Rb7 41. Qxa4 Rb8 42. Qc2 Ra8 43. Bd2 Kg7 44. Qc1 h5 45. Bh6+ Kh7 46. Bd2 Nb7 47.
Rb3 Ba5 48. Rf3 Bxd2 49. Qxd2 Qe7 50. g3 Ra4 51. Qc2 Ra8 52. Kg2 Na5 53. g4 Qh4 54. Rg3 Nb7 55. Qd3 Ra4 56. Qf3 Kg7 57. Qb3 Ra8 58. Nc7 Rb8 59. Na6 Rf8 60. Qxb7 Qf6 61. gxh5 Qf4 62. hxg6 Qxe4+ 63. Kh2 Qf4 64. gxf7+ Kh7 65.
Qb1+ Kh8 66. Qe1 Qxc4 67. Qe3 Qf4 68. Qxf4 exf4 69. Rg8+ Rxg8 70. fxg8=Q+ Kxg8 71. Kg2 c4 72. Nb4 Kf7 73. Nc2 Kf6 74. Kf3 Ke5 75. h4 Kxd5 76.
h5 Ke5 77. a4 d5 78. h6 d4 79. h7 1-0

[Event "*** Titled Tuesday 3|2 Blitz"]
[Site "Chess.com"]
[Date "2015.09.01"]
[Round "2"]
[White "oggy1984"]
[Black "ChadaevNikolay"]
[Result "1/2-1/2"]
[WhiteElo "2408"]
[BlackElo "2608"]
[TimeControl "180+2"]
[EndTime "11:24:45 PDT"]
[Termination "Game drawn - insufficient material"]

1. d4 Nf6 2. c4 g6 3. Nc3 Bg7 4. e4 O-O 5. f4 d6 6. Nf3 c5 7. dxc5 Qa5 8. Bd3 Qxc5 9. Qe2 Bg4 10. Be3 Qa5 11. O-O Nc6 12. Rac1 Nd7 13. Qf2 Bxf3 14. Qxf3 Nc5 15. Bb1 Na4 16. Nxa4 Qxa4 17.
b3 Qb4 18. Rfd1 Rfd8 19. Kh1 a5 20. c5 a4 21. cxd6 axb3 22. Bc5 bxa2 23. Bxb4 a1=Q 24. dxe7 Re8 25. Bd3 Qa4 26. Bd6 Nxe7 27. e5 Nc6 28. Be4 Rac8 29. h3 Nd4 30. Qd3 Rxc1 31. Rxc1 Ne6 32. f5 gxf5 33. Bxf5 h6 34. Rb1 Qd4 35.
Bh7+ Kh8 36. Qf5 Ng5 37. Qd7 Ra8 38. Qxb7 Qa4 39. Bc2 Qa2 40. Qxa8+ Qxa8 41. Rb8+ Qxb8 42. Bxb8 Ne6 43. Bb3 Kg8 44. Bxe6 fxe6 45. g4 Kf7 46. Kg2 Kg6 47. Kg3 h5 48. Kf4 Bh6+ 49. Kf3 Bd2 50.
Bd6 Bc3 51. Kf4 Bd2+ 52. Kg3 Be1+ 53. Kf3 Bd2 54. Be7 Bc3 55. Bf6 Bb2 56. Ke4 hxg4 57. hxg4 Bc3 58. Kf3 Bd4 59. Kf4 Bb2 60. Ke4 Bc3 61.
Be7 Bb2 62. Bd8 Bc3 63. Kf4 Bd2+ 64. Kf3 Bc3 65. Bf6 Bb2 66. Ke2 Bc3 67. Ke3 Bb2 68. Ke4 Bc3 69. Be7 Bb2 70. Kf4 Bc1+ 71. Ke4 Bb2 72. Bh4 Bc3 73. Bg3 Kg5 74. Kf3 Bd2 75. Bf2 Bc1 76. Bb6 Bd2 77. Bd8+ Kg6 78. Ke4 Bc3 79. Bf6 Bb2 80. g5 Bc3 81. Kd3 Bb2 82. Kc4 Kf5 83. Kc5 Bxe5 84. Bxe5 Kxe5 85. g6 Kf6 86.
Kd6 Kxg6 87. Kxe6 1/2-1/2

[Event "*** Titled Tuesday 3|2 Blitz"]
[Site "Chess.com"]
[Date "2015.09.01"]
[Round "3"]
[White "pedromartinez91"]
[Black "alexsuper1987"]
[Result "0-1"]
[WhiteElo "2192"]
[BlackElo "2138"]
[TimeControl "180+2"]
[EndTime "11:28:40 PDT"]
[Termination "alexsuper1987 won by resignation"]

1. e4 Nc6 2. Nf3 f5 3. exf5 d5 4. Bb5 Bxf5 5. Ne5 Bd7 6. Qh5+ g6 7. Nxg6 Nf6 8. Qh4 hxg6 9. Qxh8 Nb4 10. Bd3 Nxd3+ 11.
cxd3 Bf5 12. O-O Qd6 13. Re1 O-O-O 14. Nc3 Qf4 15. d4 Bh6 16. Qxd8+ Kxd8 17. d3 Qh4 18. Bxh6 Qxh6 19. Re5 e6 20. Re3 Ng4 21. Rh3 Qd2 22. Rf3 Qxb2 0-1

[Event "*** Titled Tuesday 3|2 Blitz"]
[Site "Chess.com"]
[Date "2015.09.01"]
[Round "3"]
[White "Schemato"]
[Black "xdb"]
[Result "0-1"]
[WhiteElo "2148"]
[BlackElo "2137"]
[TimeControl "180+2"]
[EndTime "11:28:48 PDT"]
[Termination "xdb won by checkmate"]

1. c4 Nf6 2. Nc3 c6 3. e4 e5 4.
g3 d6 5. Bg2 Be7 6. d3 Nbd7 7.
Nge2 a5 8. h3 Nc5 9. Be3 Be6 10.
f4 Qb6 11. Qd2 Qxb2 12. Bxc5 Qxd2+ 13. Kxd2 dxc5 14. fxe5 Nd7 15. Rab1 Nxe5 16. Rxb7 Nxc4+ 17. Kc1 Bg5+ 18. Nf4 O-O-O 19. Rb1 Rxd3 20. Rd1 Rxc3# 0-1

[Event "*** Titled Tuesday 3|2 Blitz"]
[Site "Chess.com"]
[Date "2015.09.01"]
[Round "3"]
[White "MITerryble"]
[Black "HZMC92"]
[Result "1-0"]
[WhiteElo "2569"]
[BlackElo "2272"]
[TimeControl "180+2"]
[EndTime "11:29:06 PDT"]
[Termination "MITerryble won by resignation"]

1. d4 d5 2. Nf3 Nf6 3. c4 e6 4. Nc3 c6 5. Bg5 Be7 6. e3 O-O 7. Qc2 Nbd7 8. cxd5 exd5 9. Bd3 Re8 10. Ne5 g6 11. f4 Nf8 12. O-O Ne6 13. Bh4 Ng7 14.
Rae1 Bf5 15. h3 Bxd3 16. Qxd3 Ne4 17. Bxe7 Qxe7 18. Nxe4 dxe4 19. Qb3 Rab8 20. g4 Qe6 21. f5 Qxb3 22. axb3 Rbd8 23. fxg6 fxg6 24. Nf7 Rd7 25. Nh6+ Kh8 26. h4 Ne6 27. Rf6 Kg7 28. g5 Ree7 29. Ref1 c5 30. d5 Nc7 31. d6 Re6 32.
Rf7+ 1-0

[Event "*** Titled Tuesday 3|2 Blitz"]
[Site "Chess.com"]
[Date "2015.09.01"]
[Round "3"]
[White "ItalianMachine"]
[Black "Maitreia"]
[Result "0-1"]
[WhiteElo "2213"]
[BlackElo "2481"]
[TimeControl "180+2"]
[EndTime "11:29:08 PDT"]
[Termination "Maitreia won by resignation"]

1. e4 c5 2. Nc3 g6 3. g3 Bg7 4. Bg2 Nc6 5. Nge2 Nf6 6. O-O O-O 7. d3 Rb8 8. h3 b5 9. f4 b4 10. Nb1 Bb7 11. Be3 d6 12. Nd2 a5 13. Rb1 a4 14. g4 Ne8 15. Qe1 Nc7 16. Qg3 Nb5 17. f5 a3 18. b3 Ncd4 19. Nxd4 cxd4 20. Bf2 Nc3 21. Rbe1 Nxa2 22. Nf3 Qb6 23. g5 Nc3 24. f6 exf6 25. Bxd4 Qd8 26. Nd2 fxg5 27. Bxg7 Kxg7 28.
Nc4 a2 29. Ra1 Ne2+ 0-1

[Event "*** Titled Tuesday 3|2 Blitz"]
[Site "Chess.com"]
[Date "2015.09.01"]
[Round "3"]
[White "Tomsel"]
[Black "Boryboy"]
[Result "0-1"]
[WhiteElo "2291"]
[BlackElo "2481"]
[TimeControl "180+2"]
[EndTime "11:29:24 PDT"]
[Termination "Boryboy won by resignation"]

1. d4 e6 2. Bf4 Nf6 3. e3 b6 4. Nf3 Bb7 5. Bd3 Be7 6. O-O d6 7. a4 Nh5 8. a5 Nxf4 9. exf4 bxa5 10. Rxa5 h6 11. c3 O-O 12. Nbd2 Nd7 13. Bb1 Nf6 14.
Qc2 c5 15. dxc5 Qxa5 16. cxd6 Bxd6 17. Nc4 Qc5 18. Nfe5 Be4 19. Qe2 Bxb1 20. Rxb1 Bxe5 21. Nxe5 Rad8 22. h3 Qd5 23. Re1 Qd2 0-1

[Event "*** Titled Tuesday 3|2 Blitz"]
[Site "Chess.com"]
[Date "2015.09.01"]
[Round "3"]
[White "Yaacovn"]
[Black "WarlordX"]
[Result "1-0"]
[WhiteElo "2605"]
[BlackElo "2208"]
[TimeControl "180+2"]
[EndTime "11:29:26 PDT"]
[Termination "Yaacovn won by resignation"]

1. d4 Nf6 2. Nf3 g6 3. c4 Bg7 4. g3 d6 5. Bg2 O-O 6. O-O Nc6 7.
Nc3 e5 8. e3 Bf5 9. b3 Re8 10.
Bb2 Qd7 11. dxe5 dxe5 12. Qxd7 Bxd7 13. Rac1 a6 14. Nd5 Rac8 15. Rfd1 Bg4 16. Nxf6+ Bxf6 17. h3 Bf5 18. Nd2 Rcd8 19. g4 Be6 20. Ne4 Be7 21.
Ng3 f6 22. Bc3 Kf7 23. f4 exf4 24. exf4 Rxd1+ 25. Rxd1 Rd8 26. Rxd8 Bxd8 27. f5 Bd7 28. Bd5+ Kf8 29. Be4 Kf7 30. h4 Be7 31. h5 g5 32.
Bd5+ Kf8 33. Ne4 Kg7 34. Nxg5 Ne5 35. Bxe5 fxe5 36. Ne4 c6 37. Be6 Bxe6 38. fxe6 h6 39. Kf2 Kf8 40. Kf3 Bh4 41. g5 hxg5 42. Kg4 Be1 43.
h6 Bb4 44. c5 Ba5 45. h7 1-0

[Event "*** Titled Tuesday 3|2 Blitz"]
[Site "Chess.com"]
[Date "2015.09.01"]
[Round "3"]
[White "1stSecond"]
[Black "Danirod"]
[Result "0-1"]
[WhiteElo "2355"]
[BlackElo "2357"]
[TimeControl "180+2"]
[EndTime "11:29:31 PDT"]
[Termination "Danirod won by checkmate"]

1. d4 Nf6 2. c4 e6 3. Nc3 Bb4 4. e3 b6 5. Ne2 Bb7 6. a3 Bd6 7.
f4 c5 8. Nb5 Be7 9. dxc5 Bxc5 10. Nd6+ Bxd6 11. Qxd6 Ne4 12. Qd4 O-O 13. Ng3 Qh4 14. Rg1 Nxg3 15. hxg3 Qxg3+ 16. Ke2 Bf3+ 17. gxf3 Qxg1 18. Bd2 Nc6 19. Qd3 d5 20. cxd5 Rfd8 21. Bc3 Rxd5 22. Qc4 Na5 23. Bxa5 bxa5 24. Rc1 Qh2+ 25.
Ke1 Qd2# 0-1

[Event "*** Titled Tuesday 3|2 Blitz"]
[Site "Chess.com"]
[Date "2015.09.01"]
[Round "3"]
[White "Mornar1951"]
[Black "jkidjr22"]
[Result "1-0"]
[WhiteElo "2488"]
[BlackElo "2271"]
[TimeControl "180+2"]
[EndTime "11:29:37 PDT"]
[Termination "Mornar1951 won by resignation"]

1. Nf3 b6 2. g3 Bb7 3. Bg2 e6 4. O-O Nf6 5. c4 Be7 6. Nc3 O-O 7. b3 d5 8. Bb2 Nbd7 9. e3 Rc8 10.
Rc1 Re8 11. d4 Bf8 12. Qe2 c5 13. Rfd1 Qc7 14. dxc5 Nxc5 15. cxd5 exd5 16. b4 Nce4 17. Nxe4 dxe4 18. Rxc7 exf3 19. Bxf3 Bxf3 20. Qxf3 Rxc7 21. Bxf6 gxf6 22. Rd7 Rxd7 23. Qg4+ Kh8 24. Qxd7 Re7 25.
Qc8 Kg7 26. a3 a5 27. bxa5 bxa5 28. Qg4+ Kh8 29. Qf5 1-0

[Event "*** Titled Tuesday 3|2 Blitz"]
[Site "Chess.com"]
[Date "2015.09.01"]
[Round "3"]
[White "MFBerna"]
[Black "WanderingPuppet"]
[Result "1-0"]
[WhiteElo "2132"]
[BlackElo "2161"]
[TimeControl "180+2"]
[EndTime "11:29:54 PDT"]
[Termination "MFBerna won by checkmate"]

1. e4 c5 2. Nf3 d6 3. d4 cxd4 4. Nxd4 Nf6 5. Nc3 a6 6. Be2 e6 7. O-O Qc7 8. f4 Be7 9. Kh1 O-O 10. Qe1 Nc6 11. Be3 Nxd4 12. Bxd4 b5 13. Bd3 Bb7 14. Qg3 g6 15. Rae1 b4 16. Nd1 Rfe8 17. f5 e5 18. Bg1 Rac8 19. Nf2 Nh5 20. Qf3 Qd8 21. Ng4 Nf4 22. Be3 gxf5 23. Nh6+ Kf8 24. Bxf4 exf4 25. Qh5 Kg7 26. Nxf5+ Kf6 27. Qh6+ Ke5 28. Qxf4+ Kf6 29.
Nxe7+ Kxe7 30. Qxf7# 1-0

[Event "*** Titled Tuesday 3|2 Blitz"]
[Site "Chess.com"]
[Date "2015.09.01"]
[Round "3"]
[White "Lapitch"]
[Black "Tirantes"]
[Result "1-0"]
[WhiteElo "2476"]
[BlackElo "2214"]
[TimeControl "180+2"]
[EndTime "11:30:34 PDT"]
[Termination "Lapitch won on time"]

1. d4 Nf6 2. Nf3 b6 3. c4 Bb7 4. Nc3 e6 5. a3 d5 6. cxd5 exd5 7.
Qc2 Be7 8. Bf4 c6 9. e3 O-O 10. Bd3 Na6 11. b4 c5 12. bxc5 bxc5 13. Rb1 Bc8 14.
O-O c4 15. Bf5 Bxf5 16. Qxf5 Qa5 17. Nb5 Bxa3 18. Nxa3 Qxa3 19. Ra1 Qb3 20. Rxa6 c3 21. Be5 Ne4 22. Ng5 g6 23. Qf4 1-0

[Event "*** Titled Tuesday 3|2 Blitz"]
[Site "Chess.com"]
[Date "2015.09.01"]
[Round "3"]
[White "drifblim"]
[Black "Moltini"]
[Result "1/2-1/2"]
[WhiteElo "2160"]
[BlackElo "2134"]
[TimeControl "180+2"]
[EndTime "11:30:46 PDT"]
[Termination "Game drawn by repetition"]

1. e4 c5 2. Nf3 d6 3. d4 cxd4 4. Nxd4 Nf6 5. Nc3 a6 6. Be3 e5 7. Nb3 Be7 8. f3 O-O 9. Qd2 Be6 10. O-O-O b5 11. g4 Nbd7 12. Nd5 Bxd5 13. exd5 Nb6 14.
Bxb6 Qxb6 15. g5 Nd7 16. h4 Rac8 17. Kb1 Rc7 18. Bd3 Nc5 19. Nxc5 dxc5 20. Bxh7+ Kxh7 21. d6 Bxd6 22. Qxd6 Qxd6 23. Rxd6 a5 24. Kc1 f6 25.
Kd2 Rff7 26. Ke3 c4 27. Ke4 Rc5 28. gxf6 Rxf6 29. Rxf6 gxf6 30. Rg1 b4 31. Kf5 a4 32. Kxf6 Kh6 33. Rg5 c3 34. b3 axb3 35. axb3 Rd5 36. f4 Rd2 37. fxe5 Rxc2 38. e6 Rf2+ 39. Ke7 Rb2 40.
Kd7 Rd2+ 41. Ke7 Rb2 42. Kf8 Rf2+ 43. Ke7 Rb2 1/2-1/2